 Dungeon Crawl Stone Soup version 0.31-a0-1227-g0136665373 (webtiles) character file.

Game seed: 10251407865112898808

22326 olourkin the Destroyer (level 12, -3/108 HPs)
             Began as an Ogre Hedge Wizard on Dec 14, 2023.
             Was a High Priest of Hepliaklqana.
             Slain by a cane toad (20 damage)
             ... on level 3 of the Lair of Beasts.
             The game lasted 01:41:03 (19043 turns).

olourkin the Destroyer (Ogre Hedge Wizard)         Turns: 19043, Time: 01:41:03

Health: -3/108     AC:  7    Str: 17    XL:     12   Next: 99%
Magic:  3/24       EV: 15    Int: 19    God:    Hepliaklqana [*****.]
Gold:   704        SH:  0    Dex:  8    Spells: 5/27 levels left

rFire   . . .        F - +2 dagger (protect)
rCold   . . .        (no shield)
rNeg    . . .        K - +1 troll leather armour
rPois   .            P - +2 hat
rElec   .            (no cloak)
rCorr   .            (gloves unavailable)
SInv    .            (boots unavailable)
Will    +....        m - amulet of regeneration
Stlth   +            v - ring of wizardry
HPRegen 1.98/turn    N - +5 ring of evasion
MPRegen 0.19/turn

%: wizardry (x1)
@: lethally poisoned (-3 -> -5), hasted and slowed
A: reduced essence, large, unfitting armour, tough skin 1
a: Renounce Religion, Recall Ancestor, Ancestor Identity, Transference, Idealise


You were on level 3 of the Lair of Beasts.
You worshipped Hepliaklqana.
Hepliaklqana was extremely pleased with you.
You visited 3 branches of the dungeon, and saw 18 of its levels.

You collected 1012 gold pieces.
You spent 308 gold pieces at shops.

Inventory:

Hand Weapons
 a - a +2 war axe of electrocution
 b - a +3 dagger of freezing
 r - a +0 falchion of holy wrath
 F - a +2 dagger of protection (weapon)
 S - the +6 trident "Kesoemupt" {heavy, Int-5 Dex+5}
   (You found it on level 2 of the Lair of Beasts)

   Int-5:     It affects your intelligence (-5).
   Dex+5:     It affects your dexterity (+5).
Missiles
 f - 131 stones
 p - 45 poisoned darts
 u - 14 boomerangs
 y - 3 curare-tipped darts
 D - 15 large rocks (quivered)
 T - a throwing net
Armour
 c - a +1 hat
 i - a +0 robe
 C - an orb of energy
 K - a +1 troll leather armour (worn)
 P - a +2 hat (worn)
 Q - +0 acid dragon scales
Magical Staves
 x - a staff of death
 G - a staff of poison
Jewellery
 e - an amulet of guardian spirit
 m - an amulet of regeneration (around neck)
 n - a ring of positive energy
 v - a ring of wizardry (left hand)
 N - a +5 ring of evasion (right hand)
 R - a ring of poison resistance
Wands
 h - a wand of paralysis (9)
 j - a wand of polymorph (10)
 t - a wand of iceblast (6)
 H - a wand of quicksilver (17)
 L - a wand of flame (38)
Scrolls
 g - 7 scrolls of immolation {!r}
 k - a scroll of teleportation
 q - 3 scrolls of identify
 w - 2 scrolls of poison {!r}
 A - 2 scrolls of fear
 J - 4 scrolls of noise {!r}
 M - a scroll of butterflies
 O - a scroll of amnesia
 U - a scroll of blinking
Potions
 d - 3 potions of magic
 l - a potion of haste
 o - 2 potions of heal wounds
 s - a potion of berserk rage
 z - a potion of ambrosia {!e}
 B - 4 potions of enlightenment
 E - 3 potions of mutation {!q}
 I - a potion of curing


   Skills:
 - Level 8.2 Fighting
 - Level 4.2 Short Blades
 - Level 4.0 Throwing
 + Level 4.8 Armour
 - Level 5.7 Dodging
 - Level 1.4 Stealth
 + Level 8.1 Spellcasting
 + Level 10.7 Conjurations
 - Level 6.9 Summonings
 - Level 8.0 Translocations


You had 5 spell levels left.
You knew the following spells:

 Your Spells              Type           Power      Damage    Failure   Level
a - Magic Dart            Conj           100%       1d8       1%          1
b - Blink                 Tloc           76%        N/A       1%          2
c - Mephitic Cloud        Conj/Pois/Air  21%        N/A       3%          3
u - Teleport Other        Tloc           38%        N/A       1%          3
v - Iskenderun's Mystic   Conj/Tloc      43%        2d10      1%          4
x - Call Imp              Summ           68%        N/A       1%          2
y - Gell's Gravitas       Tloc           38%        N/A       1%          3
X - Fulminant Prism       Conj/Hex       14%        3d8       4%          4

Your spell library contained the following spells:

 Spells                   Type           Power      Damage    Failure   Level
 Kiss of Death            Conj/Necr      100%       2d13      1%          1
 Volatile Blastmotes      Fire/Tloc      46%        2d13      2%          3
 Slow                     Hex            28%        N/A       4%          1
 Cigotuvi's Dreadful Rot  Necr/Pois/Air  14%        N/A       6%          2
 Vhi's Electric Charge    Tloc/Air       46%        N/A       9%          4
 Confusing Touch          Hex            7%         N/A       13%         3
 Arcjolt                  Conj/Air       14%        1d24      13%         5
 Dispel Undead            Necr           7%         3d8       38%         4
 Dispersal                Tloc           19%        N/A       24%         6
 Plasma Beam              Fire/Air       3%         2x1d13    99%         6


Dungeon Overview and Level Annotations

Branches:
Dungeon (14/15)            Temple (1/1) D:6            Lair (3/5) D:10
    Orc (0/2) D:11
  Swamp: Lair:2-3    Shoals: Lair:2-3     Snake: Lair:2-3    Spider: Lair:2-3
 Vaults: D:13-14

Altars:
Ashenzari
Cheibriados
Dithmenos
Elyvilon
Fedhas
Gozag
Hepliaklqana
Kikubaaqudgha
Makhleb
Nemelex Xobeh
Okawaru
Qazlal
Ru
Sif Muna
Trog
Uskayaw
Vehumet
Wu Jian
Xom
Yredelemnul
Zin
The Shining One

Shops:
D:4 :   D:8 :

Annotations:
D:13 2 runed translucent doors


Innate Abilities, Weirdness & Mutations

Your life essence is reduced to manifest your ancestor. (-10% HP)
You are too large for most types of armour.
You have tough skin. (AC +1)


Message History

The cane toad attacks as it pursues you!
The cane toad barely misses you.
You see here a +0 quarterstaff.
You feel sick.
You feel better.
The cane toad attacks as it pursues you!
The cane toad stings you!
* * * LOW HITPOINT WARNING * * *
Being near the torpor snail leaves you feeling lethargic.
The cane toad attacks as it pursues you!
The cane toad stings you!
* * * LOW HITPOINT WARNING * * *
You feel much better.
The cane toad stings you but does no damage.
Casting: Fulminant Prism (dangerous; 4% risk of failure)
Confirm with . or Enter, or press ? or * to list all spells.
A tiny devil pulls itself out of the air.
The yak barely misses you. The cane toad stings you!
* * * LOW HITPOINT WARNING * * *
The cane toad attacks as it pursues you!
The cane toad closely misses you. The cane toad barely misses you.
The yak gores you!
* * * LOW HITPOINT WARNING * * *
The cane toad attacks as it pursues you!
The cane toad barely misses you.
The komodo dragon attacks as it pursues you!
The komodo dragon bites you!
* * * LOW HITPOINT WARNING * * *
The cane toad attacks as it pursues you!
The cane toad stings you!
* * * LOW HITPOINT WARNING * * *
You feel much better. The cane toad stings you!
* * * LOW HITPOINT WARNING * * *
You are poisoned.
The cane toad poisons you! The komodo dragon misses you.
Your cerulean imp barely misses the komodo dragon.
You feel very sick.
The cane toad attacks as it pursues you!
The cane toad stings you!!
You die...

###......## #... #......w.#
##Y. ##......### ##.Y.
###......## #..(.
#...5.Y..# ####.....
####...k...####.#......
#P....Yl...# #P.Yw5#...
##.....F######P.YY##...
P#.....@## ##P...# #...
........######.....####..
..........................
...........................
...........................
............♣♣♣♣♣♣♣♣♣♣....
............♣ ♣...
#.......##♣ #.. #.........♣
..


You could see a torpor snail, a komodo dragon (ally target), 2 yaks, a cane
toad, a rime drake and a friendly cerulean imp (summoned, slow).

Vanquished Creatures
  Snorg (D:10)
  A boulder beetle (D:10)
  A centaur warrior (D:13)
  2 two-headed ogres (D:9)
  2 cyclopes
  An elephant (Lair:2)
  A black mamba (Lair:1)
  A cane toad (Lair:1)
  5 komodo dragons
  A kobold demonologist (D:10)
  A polar bear (shapeshifter) (D:13)
  A troll (D:13)
  A hornet (D:8)
  3 blink frogs (Lair:2)
  Sigmund (D:4)
  3 slime creatures (D:13)
  7 yaks
  A basilisk (Lair:1)
  5 vampire mosquitoes
  An acid dragon (D:12)
  2 water moccasins
  An ice beast (D:5)
  3 orc warriors (D:11)
  A sky beast (D:7)
  A black bear (D:5)
  An ogre (D:6)
  3 centaurs
  A phantom (D:4)
  A kobold brigand (D:8)
  6 bullfrogs
  3 scorpions
  A killer bee (D:11)
  2 hounds (D:5)
  4 orc priests
  2 gnoll boudas (D:9)
  7 jellies
  5 iguanas
  A hexer (D:10)
  A sleepcap (D:5)
  Natasha (twice) (D:2)
  6 orc wizards
  Robin (D:3)
  9 gnolls
  12 adders
  A river rat (D:10)
  2 white imps
  2 worms (D:3)
  4 dart slugs
  32 orcs
  6 endoplasms
  3 giant cockroaches
  19 goblins
  15 hobgoblins
  7 jackals (D:2)
  14 kobolds
  3 quokkas
  3 ball pythons
  3 bats
  3 frilled lizards
  5 rats
238 creatures vanquished.

Vanquished Creatures (collateral kills)
  Gastronok (Lair:1)
  A two-headed ogre (D:8)
  A skyshark (Lair:2)
  A cyclops (D:12)
  3 elephants
  6 cane toads
  Psyche (D:10)
  A komodo dragon (Lair:1)
  A polar bear (Lair:2)
  2 blink frogs (Lair:2)
  3 slime creatures (D:13)
  3 vampire mosquitoes
  3 water moccasins
  A swamp drake (D:11)
  5 orc warriors (D:11)
  2 centaurs
  2 kobold brigands
  2 bullfrogs
  3 wights (D:10)
  2 killer bees (D:11)
  A howler monkey (D:11)
  4 orc priests
  Natasha (D:2)
  3 iguanas
  8 orc wizards
  5 hell rats (D:10)
  2 wolf simulacra (Lair:1)
  An adder (D:4)
  2 gnolls (D:9)
  13 orcs
  A giant cockroach (D:4)
  A ball python (D:4)
  9 kobolds
  A rat (D:10)
96 creatures vanquished.

Vanquished Creatures (others)
  11 hexers
  4 ancestors
  8 fulminant prisms
23 creatures vanquished.

Grand Total: 357 creatures vanquished

Notes
Turn   | Place    | Note
-------+----------+-------------------------------------------
     0 | D:1      | olourkin the Ogre Hedge Wizard began the quest for the Orb.
     0 | D:1      | Reached XP level 1. HP: 16/16 MP: 5/5
    11 | D:1      | Reached skill level 1 in Conjurations
   110 | D:1      | Reached skill level 1 in Fighting
   122 | D:1      | Reached XP level 2. HP: 15/27 MP: 0/6
   657 | D:1      | Reached skill level 2 in Conjurations
   731 | D:1      | Reached XP level 3. HP: 35/35 MP: 5/8
  1019 | D:2      | Found a shimmering blue altar of Sif Muna.
  1395 | D:2      | Reached XP level 4. HP: 44/44 MP: 4/9
  1398 | D:2      | Learned a level 2 spell: Call Imp
  1611 | D:2      | Reached skill level 1 in Summonings
  1729 | D:2      | Noticed Natasha
  1749 | D:2      | Killed Natasha
  1750 | D:2      | Reached skill level 3 in Conjurations
  1798 | D:2      | Noticed Natasha
  1813 | D:2      | Killed Natasha
  1814 | D:2      | Reached XP level 5. HP: 42/53 MP: 2/10
  1870 | D:2      | Noticed Natasha
  1883 | D:2      | Killed Natasha
  2002 | D:2      | Learned a level 2 spell: Blink
  2041 | D:2      | Found a faded altar of an unknown god.
  2042 | D:2      | Noticed a glass eye
  2049 | D:2      | Noticed a great orb of eyes
  2054 | D:2      | Noticed a great orb of eyes
  2059 | D:2      | Noticed a great orb of eyes
  2669 | D:3      | Noticed Robin
  2703 | D:3      | Killed Robin
  3708 | D:3      | Reached skill level 4 in Conjurations
  3883 | D:4      | Reached XP level 6. HP: 61/61 MP: 7/11
  4519 | D:4      | Reached skill level 1 in Short Blades
  4652 | D:4      | Found Uduazoes's Book Emporium.
  4685 | D:4      | Reached XP level 7. HP: 58/67 MP: 7/12
  4770 | D:4      | Noticed Sigmund
  4779 | D:4      | Killed Sigmund
  4780 | D:4      | Reached skill level 5 in Conjurations
  5363 | D:5      | Entered Level 5 of the Dungeon
  5507 | D:5      | Reached XP level 8. HP: 72/75 MP: 9/13
  5590 | D:5      | Reached skill level 6 in Conjurations
  6182 | D:5      | Learned a level 3 spell: Mephitic Cloud
  7083 | D:6      | Reached skill level 7 in Conjurations
  7574 | D:6      | Found a staircase to the Ecumenical Temple.
  7583 | Temple   | Entered the Ecumenical Temple
  7590 | Temple   | Became a worshipper of Hepliaklqana the Forgotten
  7875 | D:7      | Learned a level 3 spell: Gell's Gravitas
  7879 | D:7      | Learned a level 3 spell: Teleport Other
  7988 | D:7      | Reached skill level 1 in Translocations
  7988 | D:7      | Reached XP level 9. HP: 57/87 MP: 9/14
  8071 | D:7      | Found a bloodstained altar of Trog.
  8144 | D:7      | Reached skill level 5 in Fighting
  8737 | D:7      | Reached * piety under Hepliaklqana
  8869 | D:8      | Noticed a two-headed ogre
  8888 | D:8      | Killed a two-headed ogre
  8889 | D:8      | Reached skill level 5 in Summonings
  8979 | D:8      | HP: 3/80 [poisoned by a kobold brigand (curare-tipped
                  | dart)]
  9351 | D:8      | Found a radiant altar of Vehumet.
  9405 | D:8      | Noticed a hornet
  9419 | D:8      | Killed a hornet
  9547 | D:8      | Found a shimmering altar of Xom.
  9549 | D:8      | Found a snail-covered altar of Cheibriados.
  9815 | D:8      | Found an ornate altar of the Wu Jian Council.
  9843 | D:8      | Found Ceacaman's Tiny Tomes.
  9936 | D:4      | Bought a book of Blasting for 308 gold pieces
  9980 | D:6      | Reached skill level 5 in Translocations
 10262 | D:8      | Reached XP level 10. HP: 85/88 MP: 15/15
 10414 | D:9      | Noticed a two-headed ogre
 10427 | D:9      | Killed a two-headed ogre
 10623 | D:9      | Noticed a two-headed ogre
 10645 | D:9      | Killed a two-headed ogre
 10646 | D:9      | Reached skill level 8 in Conjurations
 10842 | D:9      | Reached ** piety under Hepliaklqana
 10860 | D:9      | Found an opulent altar of Gozag.
 11322 | D:10     | Entered Level 10 of the Dungeon
 11322 | D:10     | Noticed a death yak
 11402 | D:10     | Found a blossoming altar of Fedhas.
 11403 | D:10     | Remembered your ancestor Kaya as a hexer
 11561 | D:10     | Noticed a death yak
 11561 | D:10     | Noticed a death yak
 11643 | D:10     | Noticed Psyche
 11643 | D:10     | Noticed a kobold demonologist
 11818 | D:10     | Killed a kobold demonologist
 12704 | D:10     | Killed Psyche
 12817 | D:10     | Found a staircase to the Lair.
 12933 | D:10     | Found a stormy altar of Qazlal.
 12959 | D:10     | Noticed a boulder beetle
 13256 | D:10     | Killed a boulder beetle
 13257 | D:10     | Reached XP level 11. HP: 87/94 MP: 9/16
 13388 | D:10     | Reached *** piety under Hepliaklqana
 13533 | D:10     | Noticed Snorg
 13555 | D:10     | Killed Snorg
 13778 | D:10     | Found a basalt altar of Yredelemnul.
 13882 | Lair:1   | Entered Level 1 of the Lair of Beasts
 15179 | D:11     | Noticed a cyclops
 15199 | D:11     | Killed a cyclops
 15200 | D:11     | Reached skill level 5 in Dodging
 15444 | D:11     | You fall into a shaft and drop 3 floors!
 15458 | D:14     | Noticed a seven-headed hydra
 15516 | D:13     | Noticed a cyclops
 15529 | D:13     | Killed a cyclops
 15530 | D:13     | Reached skill level 9 in Conjurations
 15532 | D:13     | Found a large runed translucent door.
 15532 | D:13     | Found a large runed translucent door.
 15536 | D:13     | Noticed a cyan ugly thing
 15537 | D:13     | Found a shimmering altar of Xom.
 15537 | D:13     | Noticed a red ugly thing
 15665 | D:13     | Reached **** piety under Hepliaklqana
 15732 | D:13     | Reached skill level 1 in Throwing
 15784 | D:13     | Noticed a centaur warrior
 15797 | D:13     | Killed a centaur warrior
 15830 | D:12     | Noticed a cyclops
 15841 | D:12     | Killed a cyclops
 16004 | D:11     | Reached skill level 5 in Spellcasting
 16101 | D:11     | Reached skill level 1 in Armour
 16476 | D:11     | Reached XP level 12. HP: 106/107 MP: 14/20
 16551 | D:11     | Found a staircase to the Orcish Mines.
 16763 | D:11     | Learned a level 4 spell: Fulminant Prism
 16768 | D:11     | Learned a level 4 spell: Iskenderun's Mystic Blast
 17019 | Lair:1   | HP: 5/108 [komodo dragon (16)]
 17334 | Lair:1   | Noticed Gastronok
 17370 | Lair:1   | Killed Gastronok
 17428 | Lair:1   | Reached skill level 10 in Conjurations
 18138 | Lair:2   | Identified the +6 trident "Kesoemupt" {heavy, Int-5 Dex+5}
 18686 | Lair:2   | Noticed a skyshark
 18694 | Lair:2   | Killed a skyshark
 18910 | Lair:3   | Reached ***** piety under Hepliaklqana
 19034 | Lair:3   | HP: 3/108 [cane toad (16)]
 19041 | Lair:3   | HP: 4/108 [cane toad (9)]
 19043 | Lair:3   | Slain by a cane toad

Illustrated notes

Levels and vault maps discovered:
D:1:      ebering_trefoil_3fold, layout_rooms
D:2:      layout_basic, basic_altar, hellmonk_ecumenical_altar_watching_god,
          uniq_natasha
D:3:      minmay_inner_zag, layout_basic, uniq_robin
D:4:      cheibrodos_barr_body, layout_basic, serial_shops,
          nicolae_book_shop_shelving, uniq_sigmund
D:5:      layout_cave_pools
D:6:      layout_loops_ring, minmay_temple_entry_mini_moons
D:7:      layout_loops_ring, lemuel_doored_altar, serial_rivers,
          chequers_serial_rivers_micro_e, chequers_serial_rivers_room_b,
          chequers_serial_rivers_micro_c, chequers_serial_rivers_small_b,
          chequers_serial_rivers_room_b
D:8:      layout_loops_cross, kennysheep_mini, vehumet_crystals,
          nicolae_overflow_hidden_temple, nicolae_shop_i_like_small_books_too
D:9:      layout_roguey, grunt_gozag_statues
D:10:     layout_gridville, fedhas_altar_1, nicolae_qazlal_scattered_showers,
          nicolae_overflow_crystal_walls, dpeg_lair_monsters, uniq_snorg,
          uniq_psyche
D:11:     layout_rooms, erik_orc_1, special_room [special_room_orc],
          hangedman_corner_corridor
D:12:     layout_roguey [special_room_bee], st_stairs_1, kennysheep_diamond,
          nicolae_neqoxec_dot_bat, uniq_azrael, uniq_fannar
D:13:     due_chaos_kobolds, layout_irregular_city,
          hellmonk_vaults_order_and_chaos, serial_shops, nicolae_shop_scrapyard,
          nicolae_shop_behind_doors, nicolae_shop_hallway_stairs,
          nicolae_shop_temple_entry_statues_fountains
D:14:     layout_rooms, serial_shops, nicolae_shop_back_alley_shop,
          gauntlet_entry_generic
Temple:   cyrus_circular_temple
Lair:1:   beast_lair_carwin_large_4, layout_loops_ring,
          portal_ice_cave_entry_ice_simulacra, uniq_gastronok
Lair:2:   layout_misc_corridors, serial_bayou_shore_b, grunt_megastairs_3
Lair:3:   layout_hall_layers, mainiacjoe_swamp_entry_angry_trees,
          nicolae_spider_entry_lesser_pyramids

Skill      XL: |  1  2  3  4  5  6  7  8  9 10 11 12 |
---------------+-------------------------------------+-----
Conjurations   | 1 2 3 4 5 7 8 9 10 | 10.7
Fighting       | 1 2 3 4 6 7 8 |  8.2
Summonings     | 1 2 3 4 5 6 |  6.9
Short Blades   | 1 2 4 |  4.2
Translocations | 1 5 7 8 |  8.0
Dodging        | 2 4 5 |  5.7
Spellcasting   | 5 8 |  8.1
Throwing       | 2 4 |  4.0
Armour         | 1 4 |  4.8
Stealth        | |  1.4

Action                     |  1- 3 |  4- 6 |  7- 9 | 10-12 || total
---------------------------+-------+-------+-------+-------++-------
  Melee: Dagger            |    15 |    96 |   140 |    52 ||   303
         Punch             |     3 |     2 |     2 |     6 ||    13
         Short sword       |    62 |   117 |       |       ||   179
         War axe           |       |       |    24 |   251 ||   275
  Throw: Large rock        |       |       |       |    29 ||    29
   Cast: Magic Dart        |    59 |   123 |   161 |   166 ||   509
         Call Imp          |       |    11 |    16 |    59 ||    86
         Mephitic Cloud    |       |       |       |    15 ||    15
         Blink             |       |       |       |     6 ||     6
         Teleport Other    |       |       |       |     1 ||     1
         Fulminant Prism   |       |       |       |     8 ||     8
         Iskenderun's Myst |       |       |       |     1 ||     1
 Invoke: Ancestor Identity |       |       |     1 |       ||     1
         Recall Ancestor   |       |       |       |     4 ||     4
         Ancestor Life: He |       |       |       |     1 ||     1
  Evoke: Wand              |       |       |     7 |     3 ||    10
    Use: Scroll            |       |     6 |     4 |    16 ||    26
         Potion            |       |       |     2 |     9 ||    11
   Stab: Sleeping          |     1 |     1 |     2 |       ||     4
         Distracted        |       |       |     1 |     3 ||     4
         Paralysed         |       |       |     3 |     7 ||    10
         Confused          |       |       |       |     8 ||     8
 Armour: Robe              |    52 |   146 |   186 |   118 ||   502
         Skin              |       |       |       |     2 ||     2
         Troll leather arm |       |       |       |   266 ||   266
  Dodge: Dodged            |    45 |   117 |   101 |   354 ||   617

Table legend: (Time is in decaauts)
 A = Elapsed time spent in this place.
 B = Non-inter-level travel time spent in this place.
 C = Inter-level travel time spent in this place.
 D = Time resting spent in this place.
 E = Time spent auto-exploring this place.
 F = Levels seen in this place.
 G = Mean time per level.
                   A        B        C        D        E       F      G
               +--------+--------+--------+--------+--------+-----+--------+
         Total |  19186 |  18132 |   1054 |   6849 |   7413 |  18 | 1065.9 |
       Dungeon |  16833 |  15877 |    956 |   6419 |   6159 |  14 | 1202.4 |
        Temple |     14 |      2 |     12 |      0 |      0 |   1 |   14.0 |
          Lair |   2338 |   2252 |     86 |    429 |   1254 |   3 |  779.3 |
               +--------+--------+--------+--------+--------+-----+--------+

Top non-repeatable levels by time:
     D:9: 3116 daAuts
     D:4: 1741 daAuts
    D:10: 1602 daAuts
     D:2: 1467 daAuts
     D:3: 1446 daAuts
  Lair:1: 1285 daAuts
     D:8: 1249 daAuts
    D:11: 1229 daAuts
     D:6: 1201 daAuts
     D:5: 1155 daAuts
     D:7: 1138 daAuts
     D:1: 914 daAuts
  Lair:2: 906 daAuts
    D:13: 359 daAuts
    D:12: 180 daAuts
